 Dungeon Crawl Stone Soup version 0.31.0-11-ge490571c62 (webtiles) character file.

Game seed: 5227999813871305193

194832 Arcadio the Slayer (level 18, -4/167 HPs)
             Began as a Merfolk Gladiator on Jan 30, 2024.
             Was a Follower of Lugonu.
             Slain by an azure jelly (5 damage)
             ... on level 4 of the Lair of Beasts.
             The game lasted 01:19:31 (39731 turns).

Arcadio the Slayer (Merfolk Gladiator)             Turns: 39731, Time: 01:19:33

Health: -4/167     AC: 18    Str: 26 (27) XL:     18   Next: 76%
Magic:  0/19       EV: 18    Int:  0 (7)  God:    Lugonu [*.....]
Gold:   1768       SH: 13    Dex: 13 (21) Spells: 17/17 levels left

rFire   + . .        x - +6 trident of Cilinog {flame, rF+ rC+ rCorr}
rCold   + . .        P - +1 kite shield
rNeg    . . .        W - +6 scale mail {rPois}
rPois   +            c - +0 helmet
rElec   .            s - +1 cloak {Stlth+}
rCorr   +            w - +1 pair of gloves
SInv    .            B - +0 pair of boots {Fly}
Will    +....        E - amulet of guardian spirit
Stlth   +            d - +6 ring of dexterity
HPRegen 0.47/turn    o - +6 ring of strength
MPRegen 0.16/turn

%: guardian spirit
@: flying, slowed, lost intelligence, unable to read, very slow
A: (nimble swimmer 2), mertail, dopey 1
a: Renounce Religion, Depart the Abyss


You were on level 4 of the Lair of Beasts.
You worshipped Lugonu.
Lugonu was aware of your devotion.
You visited 7 branches of the dungeon, and saw 29 of its levels.
You visited the Abyss 1 time.
You also visited: Bailey.

You collected 2965 gold pieces.
You spent 987 gold pieces at shops.
You donated 210 gold pieces to Zin.

Inventory:

Hand Weapons
 e - a +9 trident of freezing
 x - the +6 trident of Cilinog (weapon) {flame, rF+ rC+ rCorr}
   (You found it on level 3 of the Dungeon)

   rF+:       It protects you from fire.
   rC+:       It protects you from cold.
   rCorr:     It protects you from acid and corrosion.
Armour
 c - a +0 helmet (worn)
 p - a +2 scale mail of cold resistance
 s - a +1 cloak of stealth (worn)
 w - a +1 pair of gloves (worn)
 B - a +0 pair of boots of flying (worn)
 P - a +1 kite shield (worn)
 W - a +6 scale mail of poison resistance (worn)
Jewellery
 d - a +6 ring of dexterity (left hand)
 l - a ring of flight
 m - a +6 ring of dexterity
 o - a +6 ring of strength (right hand)
 t - a ring of willpower
 y - a ring of positive energy
 z - a ring of ice
 E - an amulet of guardian spirit (around neck)
 L - an amulet of magic regeneration
 Q - a ring of positive energy
Wands
 f - a wand of flame (85)
 k - a wand of charming (29)
 J - a wand of light (14)
 R - a wand of roots (13)
 Y - a wand of digging (9)
Scrolls
 a - 3 scrolls of enchant weapon
 b - 2 scrolls of summoning
 g - 6 scrolls of fear
 j - 5 scrolls of poison
 n - 6 scrolls of immolation
 q - a scroll of blinking
 r - 3 scrolls of identify
 A - 5 scrolls of silence
 C - 3 scrolls of teleportation
 K - 6 scrolls of amnesia
Potions
 h - 3 potions of might
 i - 6 potions of attraction
 v - a potion of curing
 F - 3 potions of enlightenment
 I - a potion of cancellation
 M - 2 potions of haste
 N - a potion of berserk rage
 O - 2 potions of resistance
 S - 2 potions of brilliance
 T - 3 potions of invisibility
 X - 7 potions of mutation
Miscellaneous
 G - a phantom mirror


   Skills:
 + Level 21.7 Fighting
 + Level 20.1 Polearms
 - Level 2.0 Throwing
 + Level 20.1 Dodging
 + Level 13.7 Shields
 + Level 1.4 Invocations


You had 17 spell levels left.
You didn't know any spells.
Your spell library contained the following spells:

 Spells                   Type           Power      Damage    Failure   Level
 Kiss of Death            Conj/Necr      0%         2d5       95%         1
 Summon Small Mammal      Summ           0%         N/A       95%         1
 Call Canine Familiar     Summ           0%         N/A       100%        3
 Confusing Touch          Hex            0%         N/A       100%        3
 Fugue of the Fallen      Necr           0%         N/A       100%        3
 Gell's Gravitas          Tloc           0%         N/A       100%        3
 Inner Flame              Hex/Fire       0%         N/A       100%        3
 Ozocubu's Armour         Ice            0%         N/A       100%        3
 Sigil of Binding         Hex            0%         N/A       100%        3
 Summon Ice Beast         Ice/Summ       0%         N/A       100%        3
 Teleport Other           Tloc           0%         N/A       100%        3
 Animate Armour           Summ/Erth      0%         N/A       100%        4
 Dimensional Bullseye     Hex/Tloc       0%         N/A       100%        4
 Dispel Undead            Necr           0%         3d6       100%        4
 Flame Wave               Conj/Fire      0%         2d4       100%        4
 Manifold Assault         Tloc           0%         N/A       100%        4
 Sticky Flame             Fire/Alch      0%         2d4       100%        4
 Summon Blazeheart Golem  Fire/Summ      0%         N/A       100%        4
 Summon Lightning Spire   Summ/Air       0%         N/A       100%        4
 Alistair's Intoxication  Alch           0%         N/A       100%        5
 Borgnjor's Vile Clutch   Necr/Erth      0%         N/A       100%        5
 Lee's Rapid Deconstruct  Erth           0%         3d4*      100%        5
 Summon Forest            Summ/Tloc      0%         N/A       100%        5
 Summon Mana Viper        Hex/Summ       0%         N/A       100%        5
 Dispersal                Tloc           0%         N/A       100%        6
 Eringya's Noxious Bog    Alch           0%         4d6       100%        6
 Summon Cactus Giant      Summ           0%         N/A       100%        6
 Monstrous Menagerie      Summ           0%         N/A       100%        7


Dungeon Overview and Level Annotations

Branches:
Dungeon (15/15)            Temple (1/1) D:6            Lair (5/5) D:8
 Shoals (1/4) Lair:2       Spider (4/4) Lair:3        Slime (1/5) Lair:4
    Orc (2/2) D:9             Elf (0/3) Orc:2        Vaults (0/5) D:13
 Depths (0/4) D:15         Bailey (visited)

Altars:
Ashenzari
Cheibriados
Dithmenos
Elyvilon
Fedhas
Gozag
Hepliaklqana
Kikubaaqudgha
Makhleb
Nemelex Xobeh
Okawaru
Qazlal
Ru
Sif Muna
Trog
Uskayaw
Vehumet
Wu Jian
Xom
Yredelemnul
Zin
The Shining One

Shops:
D:3 :*!   D:5 *   D:9 !   D:11 *:   D:12 (   Orc:2 :?([

Annotations:
D:7 2 transporters
D:14 3 runed translucent doors, Axipewex's ghost, journeyman OnSh; Roxanne
Lair:2 2 transporters, exclusion: oklob plant, dakkaduck's ghost, journeyman MiBe
Shoals:1 Louise


Innate Abilities, Weirdness & Mutations

((You are very nimble when in or above water. (Stealth+, EV+, Speed+++)))
Your lower body shifts to a powerful aquatic tail in water.
You are dopey. (Int -2)


Message History

There is a staircase to the Slime Pits here.
The azure jelly attacks as it pursues you!
You block the azure jelly's attack. x2; The azure jelly completely misses you.
The azure jelly closely misses you. The acid blob spits acid at you.
The splash of acid hits you. You resist. You block the azure jelly's attack.
The azure jelly hits you but does no damage.
The azure jelly misses you.
The azure jelly hits you but does no damage.
The acid blob attacks as it pursues you!
The acid blob hits you.
You are splashed with acid.
You resist.
The azure jelly attacks as it pursues you!
The azure jelly closely misses you. x2; The azure jelly misses you.
The azure jelly closely misses you. You block the acid blob's attack.
You feel better. The azure jelly misses you.
The azure jelly hits you but does no damage.
The azure jelly misses you. You block the azure jelly's attack.
The acid blob spits acid at you. The splash of acid hits you! You resist.
You block the azure jelly's attack. x2
The azure jelly closely misses you. The azure jelly misses you.
You puncture the acid blob! You burn the acid blob!
Your hands burn!
The acid blob is moderately wounded.
The acid blob hits you!!
* * * LOW HITPOINT WARNING * * *
You are splashed with acid.
You resist.
* * * LOW HITPOINT WARNING * * *
The azure jelly hits you but does no damage.
You block the azure jelly's attack. The azure jelly closely misses you.
You block the azure jelly's attack. The acid blob hits you!
* * * LOW HITPOINT WARNING * * *
You are splashed with acid.
You resist.
* * * LOW HITPOINT WARNING * * *
You feel better.
The azure jelly hits you but does no damage.
The azure jelly completely misses you.
The azure jelly hits you but does no damage.
The azure jelly hits you!
* * * LOW HITPOINT WARNING * * *
The acid blob barely misses you. The azure jelly hits you.
You die...

### #### ##.#
#..###..#
#.>##...#
#.JJ@...#
##.J....#####
#....#...#..#
####.#.#...###
##..#.#.#.#
#P##.#..##
#####..P#
#...## ##...#


You could see an acid blob, an azure jelly and a slime creature.

Vanquished Creatures
  Arachne (Spider:3)
  Gastronok (D:9)
  4 emperor scorpions
  An orc warlord (D:15)
  4 ghost moths
  2 broodmothers (Spider:2)
  Nessos (Lair:5)
  A dire elephant (Lair:4)
  Azrael (Spider:1)
  A spark wasp (Spider:4)
  6 entropy weavers
  Harold (D:10)
  A rakshasa (D:14)
  2 ice dragons (D:15)
  3 radroaches
  6 hydras
  2 jorogumos
  3 catoblepae
  8 two-headed ogres
  An alligator (Lair:5)
  A deep troll shaman (Lair:5)
  4 centaur warriors
  2 tengu warriors (D:14)
  3 demonic crawlers (Spider:1)
  2 thrashing horrors (Abyss:3)
  25 death yaks
  An orc high priest (D:15)
  Sonja (Lair:5)
  3 pharaoh ants
  A skyshark (Lair:4)
  A fire crab (Lair:5)
  Urug (D:10)
  Lodul (D:14)
  5 skeletal warriors (D:12)
  4 orb spiders
  An arcanist (D:13)
  3 steelbarb worms
  3 deep elf pyromancers
  9 orc knights
  23 ugly things
  4 cyclopes
  13 wolf spiders
  A deep elf zephyrmancer (D:13)
  2 moths of wrath (Spider:4)
  6 manticores
  3 meliai (D:14)
  A large abomination (Abyss:3)
  4 kobold blastminers (Orc:2)
  6 torpor snails
  A merfolk siren (Lair:2)
  13 elephants
  A black mamba (shapeshifter) (Abyss:3)
  5 black mambas
  20 cane toads
  A gargoyle (D:13)
  3 unseen horrors
  A cane toad (shapeshifter) (D:15)
  4 rime drakes
  17 komodo dragons
  2 efreet
  A kobold demonologist (D:13)
  Psyche (D:8)
  8 trolls
  A burning bush (Lair:3)
  2 polar bears
  3 merfolk (Lair:2)
  A hornet (Lair:5)
  10 blink frogs
  18 tarantellas
  3 dream sheep (Lair:4)
  20 slime creatures
  15 jumping spiders
  2 shadows (D:11)
  6 spriggans (Lair:1)
  3 wraiths
  47 yaks
  6 basilisks
  17 culicivoras
  4 water elementals (D:15)
  2 fire elementals (Spider:1)
  3 wyverns
  A basilisk (shapeshifter) (D:15)
  A steam dragon (Lair:5)
  Eustachio (D:5)
  22 redbacks
  5 vampire mosquitoes
  4 wargs
  Menkaure (D:7)
  5 small abominations (Abyss:3)
  2 acid dragons
  2 hell hounds (Spider:1)
  26 water moccasins
  36 orc warriors
  3 ice beasts
  A sky beast (D:8)
  5 black bears
  7 laughing skulls
  14 ogres
  16 wolves
  5 boggarts (D:15)
  22 centaurs
  6 starcursed masses (Abyss:3)
  A phantom (D:6)
  9 bullfrogs
  3 gnoll sergeants
  3 scorpions
  17 wights
  5 electric eels
  8 howler monkeys
  5 bombardier beetles
  A quasit (Abyss:3)
  A jelly (D:4)
  2 hounds
  Crazy Yiuf (D:2)
  12 orc priests
  Jessica (D:3)
  Natasha (thrice) (D:3)
  Terence (D:2)
  4 iguanas
  14 orc wizards
  9 adders
  16 gnolls
  4 shadow imps
  3 white imps
  4 ufetubi (D:6)
  A dart slug (D:3)
  70 orcs
  5 ball pythons
  9 endoplasms
  4 giant cockroaches
  11 goblins
  7 hobgoblins
  7 jackals
  7 kobolds
  A quokka (D:1)
  8 bats
  7 frilled lizards
  5 rats
  A spectral hobgoblin (D:8)
880 creatures vanquished.

Vanquished Creatures (others)
  A shadow imp (D:6)
  An orc (D:15)
2 creatures vanquished.

Grand Total: 882 creatures vanquished

Notes
Turn   | Place    | Note
-------+----------+-------------------------------------------
     0 | D:1      | Arcadio the Merfolk Gladiator began the quest for the Orb.
     0 | D:1      | Reached XP level 1. HP: 16/16 MP: 1/1
    56 | D:1      | Reached XP level 2. HP: 23/23 MP: 2/2
   533 | D:1      | Reached XP level 3. HP: 25/28 MP: 3/3
   886 | D:2      | Reached skill level 3 in Fighting
   916 | D:2      | Noticed Terence
   958 | D:2      | Killed Terence
   959 | D:2      | Reached skill level 5 in Polearms
   959 | D:2      | Reached XP level 4. HP: 31/35 MP: 4/4
  1043 | D:2      | Reached skill level 5 in Dodging
  1241 | D:2      | Found a runed translucent door.
  1242 | D:2      | Noticed Crazy Yiuf
  1494 | D:2      | Killed Crazy Yiuf
  1495 | D:2      | Reached XP level 5. HP: 11/42 MP: 3/5
  1804 | D:3      | Found Abluishano's Distillery.
  1812 | D:3      | Bought a potion of curing for 33 gold pieces
  1956 | D:3      | Noticed Natasha
  1966 | D:3      | Killed Natasha
  1967 | D:3      | Reached skill level 4 in Fighting
  2013 | D:3      | Found Tuibb's Book Shoppe.
  2035 | D:3      | Found Mabudoum's Assorted Antiques.
  2041 | D:3      | Bought a scroll labelled OMACUF GEMYBB for 19 gold pieces
  2061 | D:3      | Noticed Natasha
  2087 | D:3      | Killed Natasha
  2132 | D:3      | Noticed Natasha
  2139 | D:3      | Killed Natasha
  2212 | D:3      | Noticed Jessica
  2230 | D:3      | Killed Jessica
  2231 | D:3      | Reached XP level 6. HP: 36/49 MP: 6/6
  2300 | D:3      | Found Yqalid's Assorted Antiques.
  2349 | D:3      | Identified the +6 trident of Cilinog {flame, rF+ rC+ rCorr}
  2711 | D:4      | Noticed a black bear
  2716 | D:4      | Killed a black bear
  2717 | D:4      | Reached skill level 5 in Fighting
  2717 | D:4      | Reached XP level 7. HP: 50/56 MP: 7/7
  2825 | D:5      | Entered Level 5 of the Dungeon
  3081 | D:5      | Noticed Eustachio
  3106 | D:5      | Killed Eustachio
  3451 | D:5      | Found Soyr's Assorted Antiques.
  3456 | D:5      | Bought a scroll labelled HAYLAU ECSOKHLIU for 17 gold
                  | pieces
  3456 | D:5      | Bought a murky yellow potion for 15 gold pieces
  3559 | D:5      | Reached skill level 6 in Fighting
  3559 | D:5      | Reached XP level 8. HP: 58/64 MP: 8/8
  3882 | D:5      | Found an ornate altar of the Wu Jian Council.
  4375 | D:6      | Reached skill level 7 in Fighting
  4680 | D:6      | Found an opulent altar of Gozag.
  4681 | D:6      | Found a white marble altar of Elyvilon.
  4686 | D:6      | Became a worshipper of Elyvilon the Healer
  4697 | D:6      | Reached XP level 9. HP: 61/72 MP: 9/9
  5194 | D:6      | Found a staircase to the Ecumenical Temple.
  5224 | Temple   | Entered the Ecumenical Temple
  5239 | Temple   | Fell from the grace of Elyvilon
  5239 | Temple   | Became a worshipper of Zin the Law-Giver
  5239 | Temple   | Reached * piety under Zin
  5650 | D:7      | Noticed a kobold demonologist
  5656 | D:7      | Found a transporter.
  5688 | D:7      | Reached skill level 8 in Fighting
  5703 | D:7      | Reached skill level 10 in Polearms
  5707 | D:7      | Reached skill level 10 in Dodging
  5924 | D:7      | Noticed a kobold demonologist
  5925 | D:7      | Found a transporter.
  6021 | D:7      | Noticed Menkaure
  6039 | D:7      | Killed Menkaure
  6146 | D:7      | Found a sacrificial altar of Ru.
  6474 | D:7      | Reached ** piety under Zin
  6665 | D:8      | Found a hazy altar of Hepliaklqana.
  6811 | D:8      | Noticed Psyche
  6816 | D:8      | Killed Psyche
  6817 | D:8      | Reached skill level 9 in Fighting
  6817 | D:8      | Reached skill level 1 in Shields
  6827 | D:8      | Reached XP level 10. HP: 70/83 MP: 10/10
  6878 | D:8      | Found a staircase to the Lair.
  8187 | D:9      | Noticed a two-headed ogre
  8194 | D:9      | Killed a two-headed ogre
  8349 | D:9      | Reached skill level 10 in Fighting
  9030 | D:9      | Noticed Gastronok
  9046 | D:9      | Killed Gastronok
  9047 | D:9      | Reached skill level 5 in Shields
  9047 | D:9      | Reached XP level 11. HP: 79/92 MP: 11/11
  9219 | D:9      | Noticed a cyclops
  9227 | D:9      | Killed a cyclops
  9247 | D:9      | Found a staircase to the Orcish Mines.
  9275 | D:9      | Found Vahunt's Distillery.
  9306 | D:9      | Reached *** piety under Zin
  9364 | D:9      | Bought a potion of heal wounds for 55 gold pieces
  9364 | D:9      | Bought a potion of curing for 33 gold pieces
  9374 | Orc:1    | Entered Level 1 of the Orcish Mines
  9388 | Orc:1    | Reached **** piety under Zin
  9528 | Orc:2    | Entered Level 2 of the Orcish Mines
  9528 | Orc:2    | Noticed an orc knight
 10272 | D:10     | Entered Level 10 of the Dungeon
 10273 | D:10     | Noticed a two-headed ogre
 10364 | D:10     | Killed a two-headed ogre
 10389 | D:10     | Noticed Urug
 10391 | D:10     | Found a flagged portal.
 10398 | D:10     | Killed Urug
 10405 | D:10     | Reached skill level 11 in Fighting
 10423 | Bailey   | Entered a bailey
 10485 | Bailey   | Reached ***** piety under Zin
 10613 | Bailey   | Noticed an orc knight
 10710 | Bailey   | Killed an orc knight
 10774 | Bailey   | Noticed an orc knight
 10811 | Bailey   | Killed an orc knight
 10896 | Bailey   | Reached skill level 14 in Fighting
 10896 | Bailey   | Reached XP level 12. HP: 107/107 MP: 12/12
 10897 | Bailey   | Reached skill level 16 in Fighting
 10897 | Bailey   | Reached XP level 13. HP: 119/119 MP: 13/13
 10898 | Bailey   | Reached skill level 18 in Fighting
 10898 | Bailey   | Reached XP level 14. HP: 130/130 MP: 14/14
 10939 | D:10     | Identified the +3 long sword "Icorch" {heavy, *Rage rElec
                  | rN+}
 11688 | D:10     | Noticed Harold
 11696 | D:10     | Killed Harold
 12031 | D:11     | Found Refaqy's Assorted Antiques.
 12043 | D:11     | Bought a scroll labelled HEISUCLAEQA for 29 gold pieces
 12043 | D:11     | Bought a scroll labelled JEYTHR TAEWK for 29 gold pieces
 12043 | D:11     | Bought a scroll of identify for 58 gold pieces
 12057 | D:11     | Found Xyif's Book Boutique.
 12773 | Lair:1   | Entered Level 1 of the Lair of Beasts
 12933 | Lair:1   | Reached XP level 15. HP: 123/136 MP: 15/15
 13794 | Lair:1   | Reached ****** piety under Zin
 14949 | Lair:2   | Reached skill level 15 in Polearms
 14949 | Lair:2   | Reached skill level 15 in Dodging
 15289 | Lair:2   | Found a staircase to the Shoals.
 15536 | Lair:2   | Noticed dakkaduck's ghost (journeyman MiBe)
 15554 | Lair:2   | Found a transporter.
 15557 | Lair:2   | Found a transporter.
 15631 | Lair:2   | Found a blossoming altar of Fedhas.
 16306 | Lair:3   | Reached skill level 19 in Fighting
 16999 | Lair:3   | Found a hole to the Spider Nest.
 17667 | Lair:4   | Reached XP level 16. HP: 72/146 MP: 7/16
 18939 | Lair:4   | Found a staircase to the Slime Pits.
 19103 | Lair:5   | Entered Level 5 of the Lair of Beasts
 19112 | Lair:5   | Noticed Nessos
 19121 | Lair:5   | Noticed Sonja
 19137 | Lair:4   | Reached skill level 10 in Shields
 19448 | Lair:5   | Killed Nessos
 20224 | Lair:5   | Killed Sonja
 21456 | Lair:5   | Reached skill level 20 in Fighting
 22629 | Orc:2    | Found a staircase to the Elven Halls.
 23572 | Orc:2    | Found Suaqoxem's Antique Armour Shoppe.
 23573 | Orc:2    | Found Jakkoeps's Magic Scroll Boutique.
 23573 | Orc:2    | Found Mumuscha's Antique Weapon Emporium.
 23577 | Orc:2    | Found Aghawen's Book Shop.
 23589 | Orc:2    | Bought a pair of embroidered gloves for 210 gold pieces
 23604 | Orc:2    | Bought a scroll of identify for 20 gold pieces
 23604 | Orc:2    | Bought 2 scrolls of brand weapon for 190 gold pieces
 23604 | Orc:2    | Bought a scroll of identify for 20 gold pieces
 23604 | Orc:2    | Bought a scroll of teleportation for 30 gold pieces
 23604 | Orc:2    | Bought a scroll of identify for 20 gold pieces
 24302 | D:12     | Reached XP level 17. HP: 116/155 MP: 14/17
 24468 | D:12     | Found Qujep's Antique Weapon Shoppe.
 25970 | D:13     | Found a gate to the Vaults.
 26597 | D:14     | Noticed Axipewex's ghost (journeyman OnSh)
 26826 | D:14     | Found a runed translucent gate.
 26826 | D:14     | Found a runed translucent gate.
 26826 | D:14     | Found a runed translucent gate.
 27105 | D:14     | Noticed Lodul
 27168 | D:14     | Killed Lodul
 27239 | D:15     | Entered Level 15 of the Dungeon
 27529 | D:14     | Noticed Roxanne
 28800 | D:15     | Found a staircase to the Depths.
 29561 | D:15     | Identified the +5 long sword of the Middle {freeze, rPois
                  | rN+ Str-5}
 29578 | D:15     | Identified the +1 orcbow of Feiw {heavy, Dex+3}
 29880 | D:15     | Reached skill level 21 in Fighting
 30852 | D:3      | Bought a potion of curing for 33 gold pieces
 30852 | D:3      | Bought a potion of mutation for 88 gold pieces
 30852 | D:3      | Bought a potion of curing for 33 gold pieces
 30852 | D:3      | Bought a potion of berserk rage for 55 gold pieces
 31018 | Spider:1 | Entered Level 1 of the Spider Nest
 31305 | Spider:1 | Noticed Azrael
 31341 | Spider:1 | Killed Azrael
 31776 | Spider:1 | Reached XP level 18. HP: 166/166 MP: 18/18
 34811 | Spider:3 | Noticed Arachne
 34831 | Spider:3 | Killed Arachne
 35386 | Spider:4 | Entered Level 4 of the Spider Nest
 38699 | Shoals:1 | Entered Level 1 of the Shoals
 38699 | Shoals:1 | Noticed Louise
 38704 | Abyss:3  | Cast into level 3 of the Abyss (Louise)
 38778 | Abyss:3  | Paralysed by accursed screaming for 1 turns
 38787 | Abyss:3  | Paralysed by accursed screaming for 1 turns
 38793 | Abyss:3  | Paralysed by accursed screaming for 1 turns
 38796 | Abyss:3  | Reached skill level 1 in Invocations
 38832 | Abyss:3  | Noticed a lich
 38901 | Abyss:3  | Noticed a bone dragon
 39063 | Abyss:3  | Found a corrupted altar of Lugonu.
 39070 | Abyss:3  | HP: 7/167 [large abomination (11)]
 39073 | Abyss:3  | Fell from the grace of Zin
 39073 | Abyss:3  | Became a worshipper of Lugonu the Unformed
 39073 | Abyss:3  | Reached * piety under Lugonu
 39073 | Abyss:3  | Reached ** piety under Lugonu
 39074 | Shoals:1 | Escaped the Abyss
 39704 | Slime:1  | Entered Level 1 of the Pits of Slime
 39716 | Slime:1  | Lost intelligence.
 39716 | Slime:1  | Gained mutation: You are dopey. (Int -2) [a shining eye]
 39730 | Lair:4   | HP: 7/167 [acid blob (12)]
 39730 | Lair:4   | HP: 3/167 [acid (4)]
 39731 | Lair:4   | HP: 1/167 [azure jelly (9)]
 39731 | Lair:4   | Slain by an azure jelly

Illustrated notes

Levels and vault maps discovered:
D:1:      dpeg_arrival_tiny_a, layout_basic
D:2:      layout_basic, uniq_terence, uniq_crazy_yiuf_cottage
D:3:      layout_loops_ring, serial_shops, shop,
          nicolae_shop_temple_entry_statues_fountains, shop,
          nicolae_shop_tiny_waterfront, uniq_natasha, uniq_jessica
D:4:      layout_basic
D:5:      layout_loops_corners, mainiacjoe_overflow_alcove_1, serial_shops,
          nicolae_shop_overgrown_old_shop, uniq_eustachio
D:6:      layout_basic, nicolae_overflow_two_pavilions,
          minmay_temple_entry_proselytizer
D:7:      gammafunk_wand_slinger, layout_basic, nicolae_ru_sacrificial_ziggurat,
          serial_aquarium, aquarium_bridge_square [aquarium_subvault_bridge,
          aquarium_subvault_window, aquarium_subvault_bridge,
          aquarium_subvault_wall], aquarium_window_corner,
          aquarium_window_corridor_2, aquarium_view_2b, uniq_menkaure
D:8:      layout_loops_corners, nicolae_hepliaklqana_monster_ancestors,
          due_lair_maze_entry_diamond, chequers_arboretum,
          kennysheep_cross_bottleneck, grunt_decor_clamped, uniq_psyche
D:9:      minmay_klotski, layout_basic, orc_david_3, serial_shops, shop,
          dk_noncrumbling_2, uniq_gastronok
D:10:     layout_long_grid, enter_bailey_5, serial_bayou_ford_a, uniq_urug,
          uniq_harold
D:11:     layout_roguey, serial_shops, nicolae_shop_statue_plus,
          nicolae_shop_crystal
D:12:     minmay_slanted_spiral_squares, layout_basic, serial_glass,
          glass_columns_c, glass_columns_b, glass_columns_a, glass_columns_b,
          glass_columns_b, glass_columns_b, serial_shops, shop
D:13:     layout_loops_ring, david_vaults_1
D:14:     layout_basic, gammafunk_ghost_split, uniq_lodul, uniq_roxanne
D:15:     grunt_enter_depths_hoard, layout_basic, lightli_church_of_beogh
Temple:   nicolae_temple_bog_church
Lair:1:   wad_woods_structure_01, layout_cave_pods, wad_woods_01
Lair:2:   layout_big_grid, elwin_shoals_entry_stream, gammafunk_ghost_hive,
          wad_woods_road_01, tgw_fedhas
Lair:3:   layout_loops_ring, dummy_spider_entry, evilmike_ambush
          [evilmike_ambush_outer_basic, evilmike_ambush_inner_wall_1]
Lair:4:   layout_loops_ring, dpeg_slime_entry_corner, grunt_megastairs_4
Lair:5:   grunt_lair_end_beastmaster, layout_long_grid,
          nicolae_lair_lakeside_cave, infiniplex_staircase_pool_2,
          serial_bayou_shore_a, uniq_sonja, uniq_nessos
Shoals:1: layout_shoals, uniq_louise, uniq_kirke
Spider:1: layout_spider_delve, hangedman_spider_tarantella_strand, uniq_azrael
Spider:2: layout_spider_delve, nicolae_spider_wall_of_niches
Spider:3: layout_spider_delve, uniq_arachne
Spider:4: grunt_spider_rune_parallel
Slime:1:  layout_caves
Orc:1:    layout_diamond_mine, basic_altar, serial_shops,
          nicolae_shop_advertising_works [nicolae_subvault_shop_adworks]
Orc:2:    st_orc_rangers, layout_diamond_mine, lemuel_statue_altar

Skill      XL: |  1  2  3  4  5  6  7  8  9 10 11 12 13 14 15 16 17 18 |
---------------+-------------------------------------------------------+-----
Fighting       | 3 4 5 6 7 9 10 14 16 18 19 20 21 | 21.7
Polearms       | 5 6 7 9 11 12 13 16 17 19 20 | 20.1
Dodging        | 5 6 7 9 10 12 13 16 17 19 20 | 20.1
Shields        | 1 5 6 9 11 12 13 | 13.7
Invocations    | 1 |  1.4
Throwing       | |  2.0

Action                     |  1- 3 |  4- 6 |  7- 9 | 10-12 | 13-15 | 16-18 || total
---------------------------+-------+-------+-------+-------+-------+-------++-------
  Melee: Trident           |    70 |    35 |   297 |   367 |   788 |  2219 ||  3776
         Punch             |     1 |     5 |     3 |       |       |       ||     9
         Dagger            |    36 |   118 |       |       |       |       ||   154
         Unarmed           |     9 |     4 |       |       |       |       ||    13
         Tailslap          |       |       |       |     1 |     7 |     1 ||     9
 Invoke: Vitalisation      |       |       |       |       |     1 |     1 ||     2
         Imprison          |       |       |       |       |       |     1 ||     1
         Recite            |       |       |       |       |       |     1 ||     1
         Depart the Abyss  |       |       |       |       |       |     1 ||     1
  Evoke: Wand              |       |       |       |     5 |     6 |     6 ||    17
         Phantom mirror    |       |       |       |       |       |     1 ||     1
    Use: Scroll            |       |       |     7 |     4 |    10 |    32 ||    53
         Potion            |       |       |       |     4 |     3 |    17 ||    24
   Stab: Sleeping          |     2 |     2 |       |       |       |     3 ||     7
         Distracted        |       |       |       |       |     1 |       ||     1
         Petrified         |       |       |       |       |       |     3 ||     3
         Invisible         |       |       |       |       |       |     2 ||     2
 Armour: Leather armour    |    50 |     1 |       |       |       |       ||    51
         Skin              |     1 |       |       |       |       |       ||     1
         Scale mail        |       |    91 |   201 |   161 |   381 |  1130 ||  1964
  Dodge: Dodged            |    82 |    82 |   168 |   163 |   321 |  1528 ||  2344
  Block: Kite shield       |       |       |     7 |   174 |   329 |  1604 ||  2114
